AoeStats
← arsenikos1329

Arabia

510403344Analyzed
2v2 RM · 2d ago on Sep 30, 2026· 12m 33s· 4 players
Game mode
Random Map
Map size
Medium (4 player)
Population
200
Speed
Normal
Resources
Standard
Victory
Conquest
Starting age
Dark Age
Ending age
Imperial Age
RankedLock teamsTeams togetherTeam positionsShared explorationLock speedFull tech treeHidden civsTurbo modeCheats
Victory
Defeat
🇨🇴 Mongols · Colombia
891
+13
🇺🇸 Saxons · United States
879
+13
🇺🇸 Vietnamese · United States
831
-13
🇺🇸 Lithuanians · United States
814
-13
Leeeroy__Jenkins
4:00 Loom
11:01 Feudal Age
Splinter
2:36 Loom
10:57 Feudal Age
11:24 Town Watch
11:26 Double-Bit Axe
11:42 Town Watch
arsenikos1329
8:54 Loom
10:40 Feudal Age
11:33 Double-Bit Axe
11:34 Horse Collar
andres7194
9:42 Feudal Age
7:59 Loom
Connection lost

Rejoining the realm…

Still unreachable

The connection could not be restored.

Session expired

The server has moved on; the page needs a fresh start.